 Dungeon Crawl Stone Soup version 0.30.1-9-gdf580d7c3d (webtiles) character file.

Game seed: 554193073861874992

295 ChiefBigBeans the Chiller (level 6, -6/45 HPs)
             Began as a Draconian Ice Elementalist on Sept 26, 2023.
             Was an Initiate of Yredelemnul.
             Mangled by an iguana (9 damage)
             ... on level 4 of the Dungeon.
             The game lasted 00:05:37 (2688 turns).

ChiefBigBeans the Chiller (DrIE)                    Turns: 2688, Time: 00:05:38

Health: -6/45      AC:  6    Str: 11    XL:     6   Next: 11%
Magic:  9/11       EV: 12    Int: 17    God:    Yredelemnul [......]
Gold:   187        SH:  0    Dex: 11    Spells: 11/12 levels left

rFire   . . .        i - +1 shortbow
rCold   . . .        (shield currently unavailable)
rNeg    . . .        (body armour unavailable)
rPois   .            (helmet restricted)
rElec   .            (no cloak)
rCorr   .            (no gloves)
SInv    .            (no boots)
Will    .....        (no amulet)
Stlth   ++           (no ring)
HPRegen 0.27/turn    (no ring)
MPRegen 0.12/turn

%: no passive effects
@: no status effects
A: AC +6, unfitting armour, cold-blooded
a: Renounce Religion, Recall Undead Harvest


You were on level 4 of the Dungeon.
You worshipped Yredelemnul.
Yredelemnul was noncommittal.
You visited 1 branch of the dungeon, and saw 4 of its levels.

You collected 187 gold pieces.

Inventory:

Hand Weapons
 b - a +0 sling
 i - a +1 shortbow (weapon)
Jewellery
 e - a ring of poison resistance
Wands
 j - a wand of flame (21)
Potions
 a - a potion of magic
 c - a potion of curing
 d - a potion of resistance {unknown}
 f - a potion of heal wounds
 h - a potion of might


   Skills:
 + Level 2.9 Ranged Weapons
 - Level 1.7 Dodging
 - Level 1.7 Stealth
 + Level 3.8 Spellcasting
 + Level 5.4 Ice Magic


You had 11 spell levels left.
You knew the following spells:

 Your Spells              Type           Power      Damage    Failure   Level
a - Freeze                Ice            84%        1d9       1%          1

Your spell library contained the following spells:

 Spells                   Type           Power      Damage    Failure   Level
 Frozen Ramparts          Ice            42%        1d7       5%          3
 Ozocubu's Armour         Ice            21%        N/A       5%          3
 Apportation              Tloc           6%         N/A       16%         1
 Necrotise                Necr           12%        1d4       16%         1
 Summon Small Mammal      Summ           12%        N/A       16%         1
 Blink                    Tloc           6%         N/A       24%         2
 Lesser Beckoning         Tloc           6%         N/A       24%         2
 Momentum Strike          Conj/Tloc      6%         3d8       24%         2
 Summon Ice Beast         Ice/Summ       12%        N/A       47%         4


Dungeon Overview and Level Annotations

Branches:
Dungeon (4/15)
 Temple: D:4-7

Altars:
Yredelemnul


Innate Abilities, Weirdness & Mutations

Your plain brown scales are hard. (AC +6)
You cannot fit into any form of body armour.
You are cold-blooded and may be slowed by cold attacks.


Message History

You shoot an arrow. The arrow barely misses the iguana.
The iguana barely misses you. The iguana misses you.
You shoot an arrow. The arrow barely misses the iguana.
The iguana bites you!
The iguana barely misses you. x2; The iguana bites you!
You shoot an arrow. The arrow hits the iguana.
The iguana is almost dead.
The iguana barely misses you. The iguana misses you.
You shoot an arrow.
The arrow hits the iguana but does no damage.
The iguana is almost dead.
The iguana barely misses you. The iguana misses you.
You shoot an arrow.
The arrow hits the iguana but does no damage.
The iguana is almost dead.
The iguana bites you! The iguana misses you. The iguana bites you.
The iguana bites you!
* * * LOW HITPOINT WARNING * * *
You are too injured to fight recklessly!
You are too injured to fight recklessly!
You are too injured to fight recklessly!
You are too injured to fight recklessly!
Casting: Freeze (safe; 1% risk of failure)
Confirm with . or Enter, or press ? or * to list all spells.
Aiming: Freeze (safe; 1% risk of failure)
Press: ? - help, Shift-Dir - straight line, f/p - iguana
Aim: an iguana (almost dead)
You freeze the iguana.
The iguana is almost dead.
The iguana seems to slow down.
The iguana bites you.
* * * LOW HITPOINT WARNING * * *
Casting: Freeze (safe; 1% risk of failure)
Confirm with . or Enter, or press ? or * to list all spells.
Aiming: Freeze (safe; 1% risk of failure)
Press: ? - help, Shift-Dir - straight line, f/p - iguana
Aim: an iguana (almost dead, slow)
You freeze the iguana.
You kill the iguana!
The dead are walking!
The iguana bites you!
You die...
Your body rises from the dead as a mindless zombie.

# .#
###.#####
#........
#@l......
#..Z.....
.........
#.........
#.........
#.........
####.?..#.
.$..#


You could see an iguana (ally target) and a friendly iguana zombie.

Vanquished Creatures
  A centaur (D:3)
  A scorpion (D:3)
  An orc priest (D:3)
  An iguana (D:4)
  Terence (D:3)
  3 adders (D:2)
  3 worms
  3 orcs (D:3)
  5 endoplasms
  5 giant cockroaches
  7 hobgoblins
  4 jackals (D:1)
  2 quokkas
  5 ball pythons
  4 bats (D:2)
  3 frilled lizards
  5 goblins
  9 kobolds
  7 rats
70 creatures vanquished.

Vanquished Creatures (collateral kills)
  A ball python (D:3)
1 creature vanquished.

Vanquished Creatures (others)
  A scorpion zombie (D:3)
  2 orc zombies (D:3)
3 creatures vanquished.

Grand Total: 74 creatures vanquished

Notes
Turn   | Place    | Note
-------+----------+-------------------------------------------
     0 | D:1      | ChiefBigBeans the Draconian Ice Elementalist began the
                  | quest for the Orb.
     0 | D:1      | Reached XP level 1. HP: 14/14 MP: 3/3
   126 | D:1      | Reached XP level 2. HP: 20/20 MP: 5/5
   470 | D:1      | Reached skill level 1 in Ranged Weapons
   570 | D:1      | Reached XP level 3. HP: 26/26 MP: 4/6
  1189 | D:2      | Reached XP level 4. HP: 33/33 MP: 6/8
  1336 | D:2      | Found a basalt altar of Yredelemnul.
  1418 | D:2      | Became a worshipper of Yredelemnul the Dark
  1626 | D:3      | Noticed Terence
  1637 | D:3      | Killed Terence
  1772 | D:3      | Reached XP level 5. HP: 32/38 MP: 1/9
  1793 | D:3      | Reached skill level 5 in Ice Magic
  1804 | D:3      | Reached * piety under Yredelemnul
  2147 | D:3      | Reached ** piety under Yredelemnul
  2364 | D:3      | Noticed a centaur
  2376 | D:3      | Killed a centaur
  2377 | D:3      | Reached XP level 6. HP: 24/45 MP: 9/11
  2688 | D:4      | Mangled by an iguana

Illustrated notes

Levels and vault maps discovered:
D:1:      dpeg_arrival_prison, layout_basic, minmay_misc_feat_tiny,
          chequers_decorated_corner
D:2:      layout_basic, basic_altar, minmay_tall_x
D:3:      layout_basic, nicolae_figureground_pulse, uniq_terence
D:4:      layout_rooms, mainiacjoe_overflow_concentric_impassable, minitemple,
          uniq_edmund, uniq_eustachio

Skill      XL: |  1  2  3  4  5 |
---------------+----------------+-----
Ranged Weapons | 1 2 |  2.9
Spellcasting   | 3 |  3.8
Ice Magic      | 5 |  5.4
Dodging        | |  1.7
Stealth        | |  1.7

Action                     |  1- 3 |  4- 6 || total
---------------------------+-------+-------++-------
  Melee: Unarmed           |     2 |       ||     2
         Tailslap          |     2 |       ||     2
   Fire: Sling             |   107 |    87 ||   194
         Shortbow          |       |    11 ||    11
   Cast: Freeze            |    27 |    19 ||    46
    Use: Scroll            |       |     7 ||     7
         Potion            |       |     1 ||     1
 Armour: Skin              |    14 |    16 ||    30
  Dodge: Dodged            |    31 |    56 ||    87
